 Dungeon Crawl Stone Soup version 0.30.1-11-g7821555f0a (webtiles) character file.

Game seed: 2663194073537092917

927 booth the Chopper (level 7, -3/58 HPs)
             Began as a Demonspawn Monk on Dec 27, 2023.
             Splashed by a jelly's acid (7 damage)
             ... on level 5 of the Dungeon on Dec 28, 2023.
             The game lasted 00:22:58 (4197 turns).

booth the Chopper (Demonspawn Monk)                 Turns: 4197, Time: 00:22:58

Health: -3/58      AC: -20   Str: 19    XL:     7   Next: 85%
Magic:  7/7        EV: 15    Int: 12    God:
Gold:   247        SH:  0    Dex: 15    Spells: 6/6 levels left

rFire   . . .        a - +1 hand axe
rCold   . . .        (no shield)
rNeg    . . .        n - +3 leather armour {rPois}
rPois   +            (no helmet)
rElec   .            (no cloak)
rCorr   .            g - +1 pair of gloves
SInv    .            (no boots)
Will    .....        (no amulet)
Stlth   +            s - +6 ring of strength
HPRegen 0.29/turn    (no ring)
MPRegen 0.10/turn

%: no passive effects
@: corroded
A: repulsion field 2, foul stench 1
a: no special abilities


You were on level 5 of the Dungeon.
You visited 1 branch of the dungeon, and saw 5 of its levels.

You collected 247 gold pieces.

Inventory:

Hand Weapons
 a - a +1 hand axe (weapon)
 m - a +0 mace
 v - the +6 flail of the Doomed Warrior {flame, rC- Will- Int+6 SInv}
   (You found it on level 4 of the Dungeon)

   Int:       It affects your intelligence (+6).
   rC:        It makes you vulnerable to cold.
   SInv:      It lets you see invisible.
   Will:      It decreases your willpower.
Armour
 d - an orb of light
 g - a +1 pair of gloves (worn)
 i - a +0 ring mail
 n - a +3 leather armour of poison resistance (worn)
Jewellery
 s - a +6 ring of strength (left hand)
Scrolls
 b - 2 scrolls of poison
 f - a scroll of enchant armour
 k - 3 scrolls of identify
 l - a scroll of teleportation
 p - 2 scrolls of fog {unknown}
 q - a scroll of vulnerability {unknown}
 r - a scroll of torment {unknown}
 u - a scroll of summoning {unknown}
Potions
 c - a potion of ambrosia
 e - a potion of resistance
 h - a potion of magic
 j - a potion of mutation {unknown}
 o - a potion of might {unknown}
 t - a potion of flight {unknown}
 w - a potion of curing


   Skills:
 + Level 6.0 Fighting
 * Level 7.2 Axes
 - Level 2.9 Dodging


You had 6 spell levels left.
You didn't know any spells.
Your spell library contained the following spells:

 Spells                   Type           Power      Damage    Failure   Level
 Apportation              Tloc           0%         N/A       36%         1
 Necrotise                Necr           0%         1d4       36%         1
 Summon Small Mammal      Summ           0%         N/A       36%         1
 Portal Projectile        Hex/Tloc       0%         N/A       75%         3
 Tukima's Dance           Hex            0%         N/A       75%         3
 Blade Hands              Tmut           0%         N/A       100%        5


Dungeon Overview and Level Annotations

Branches:
Dungeon (5/15)
 Temple: D:4-7

Altars:
Sif Muna
Uskayaw
Yredelemnul


Innate Abilities, Weirdness & Mutations

You are surrounded by a moderate repulsion field. (EV +3)
You may rarely emit foul miasma when damaged in melee.


Message History

You kill the jelly!
Your Fighting skill increases to level 6!
You hit the jelly.
Your hands burn!
The jelly is lightly wounded.
The jelly misses you.
You barely miss the jelly.
The jelly is lightly wounded.
You hit the jelly but do no damage.
Your hands burn!
The jelly is lightly wounded.
The jelly closely misses you.
You hit the jelly. The acid corrodes you!
Your hands burn!
The jelly is moderately wounded.
The jelly completely misses you.
You barely miss the jelly.
The jelly is moderately wounded.
The jelly misses you.
You hit the jelly but do no damage. The acid corrodes you!
Your hands burn!
The jelly is moderately wounded.
The jelly closely misses you.
You hit the jelly but do no damage.
Your hands burn!
The jelly is moderately wounded.
The jelly barely misses you.
You hit the jelly but do no damage. The acid corrodes you!
Your hands burn!
The jelly is moderately wounded.
The jelly completely misses you.
You hit the jelly but do no damage.
Your hands burn!
The jelly is moderately wounded.
The jelly hits you. The acid corrodes you!
You are splashed with acid!
* * * LOW HITPOINT WARNING * * *
You hit the jelly but do no damage.
Your hands burn!
* * * LOW HITPOINT WARNING * * *
The jelly is moderately wounded.
The jelly misses you.
You slash the jelly! The acid corrodes you!
Your hands burn!
* * * LOW HITPOINT WARNING * * *
The jelly is heavily wounded.
The jelly hits you.
* * * LOW HITPOINT WARNING * * *
You are splashed with acid!
You die...

#...##....# ....
#.........# ....
#...).....# .....
#...).....# .....
#...####+##......
########...##....#......
..................?.....
................J#
................@#
.................#
.######...###.##.# .#
##### #.#### .. ... ...
..... .... #.[.... .....
#....... #####S
##..##'##


You could see a jelly.

Vanquished Creatures
  2 ice beasts (D:5)
  An ogre (D:4)
  A phantom (D:4)
  2 scorpions
  2 orc priests (D:4)
  A hound (D:3)
  A jelly (D:5)
  4 orc wizards (D:4)
  Natasha (thrice) (D:2)
  6 adders
  4 gnolls (D:4)
  2 worms
  3 dart slugs
  12 orcs
  7 ball pythons
  5 endoplasms
  2 giant cockroaches (D:3)
  9 goblins
  5 hobgoblins
  2 kobolds
  4 quokkas
  3 bats
  2 frilled lizards (D:3)
  3 rats
86 creatures vanquished.

Notes
Turn   | Place    | Note
-------+----------+-------------------------------------------
     0 | D:1      | booth the Demonspawn Monk began the quest for the Orb.
     0 | D:1      | Reached XP level 1. HP: 18/18 MP: 1/1
   159 | D:1      | Gained mutation: You are surrounded by a mild repulsion
                  | field. (EV +2) [demonic ancestry]
   159 | D:1      | Reached XP level 2. HP: 24/24 MP: 2/2
   363 | D:1      | Reached skill level 3 in Axes
   489 | D:1      | Found a faded altar of an unknown god.
   785 | D:2      | Reached XP level 3. HP: 13/29 MP: 3/3
  1178 | D:2      | Noticed Natasha
  1187 | D:2      | Killed Natasha
  1340 | D:2      | Gained mutation: You may rarely emit foul miasma when
                  | damaged in melee. [demonic ancestry]
  1340 | D:2      | Reached XP level 4. HP: 15/37 MP: 4/4
  1594 | D:2      | Noticed Natasha
  1614 | D:2      | Killed Natasha
  1615 | D:2      | Reached skill level 4 in Axes
  1657 | D:2      | Noticed Natasha
  1669 | D:2      | Killed Natasha
  1813 | D:3      | Found a basalt altar of Yredelemnul.
  1970 | D:3      | Found a hide-covered altar of Uskayaw.
  1972 | D:3      | Found a shimmering blue altar of Sif Muna.
  1974 | D:3      | Reached XP level 5. HP: 42/42 MP: 5/5
  2582 | D:4      | Reached skill level 5 in Axes
  2711 | D:4      | Gained mutation: You are surrounded by a moderate repulsion
                  | field. (EV +3) [demonic ancestry]
  2711 | D:4      | Reached XP level 6. HP: 48/49 MP: 6/6
  3158 | D:4      | Reached skill level 5 in Fighting
  3184 | D:4      | Reached skill level 6 in Axes
  3184 | D:4      | Reached XP level 7. HP: 36/56 MP: 7/7
  3339 | D:4      | Identified the +6 flail of the Doomed Warrior {flame, rC-
                  | Will- Int+6 SInv}
  3840 | D:5      | Entered Level 5 of the Dungeon
  4075 | D:5      | Reached skill level 7 in Axes
  4197 | D:5      | Splashed by a jelly's acid

Illustrated notes

Levels and vault maps discovered:
D:1:      lightli_arrival_isolated_outpost, layout_basic,
          dreamdust_ecumenical_altar_angels_and_demons, minmay_misc_feat_doors,
          nicolae_hexahallways
D:2:      layout_loops_ring, due_unseen_surprise, uniq_natasha
D:3:      layout_loops_ring, nicolae_overflow_crystal_walls,
          jmf_multi_god_temple
D:4:      layout_loops_ring, fountainhead, minmay_bisected
D:5:      kennysheep_windowed_halls, layout_gridville, kennysheep_mini_moat

Skill      XL: |  1  2  3  4  5  6  7 |
---------------+----------------------+-----
Axes           | 3 4 5 6 7 |  7.2
Fighting       | 4 5 6 |  6.0
Dodging        | |  2.9

Action                     |  1- 3 |  4- 6 |  7- 9 || total
---------------------------+-------+-------+-------++-------
  Melee: Hand axe          |    72 |   189 |    79 ||   340
  Throw: Boomerang         |       |     2 |     1 ||     3
    Use: Scroll            |     4 |     4 |     3 ||    11
         Potion            |       |     5 |       ||     5
 Armour: Robe              |     2 |       |       ||     2
         Leather armour    |     5 |    40 |    11 ||    56
  Dodge: Dodged            |    47 |   130 |    48 ||   225
